 Dungeon Crawl Stone Soup version 0.21.0 (webtiles) character file.

78 Hekarica the Magician (level 4, -12/30 HPs)
             Began as a Mummy Fire Elementalist on May 19, 2018.
             Killed by divine providence
             ... invoked by an orc priest
              (13 damage)
             ... on level 3 of the Dungeon.
             The game lasted 00:13:13 (2784 turns).

Hekarica the Magician (Mummy Fire Elementalist)     Turns: 2784, Time: 00:13:24

Health: -12/30     AC:  2    Str: 11    XL:     4   Next: 15%
Magic:  8/9        EV: 12    Int: 15    God:
Gold:   117        SH:  0    Dex: 12    Spells: 7/10 levels left

rFire    x . .     SeeInvis +   c - +1 hand axe (venom)
rCold    + . .     Gourm    .   (no shield)
rNeg     + + +     Faith    .   a - +0 robe
rPois    ∞         Spirit   .   (no helmet)
rElec    .         Reflect  .   (no cloak)
rCorr    .         Harm     .   (no gloves)
MR       .....                  (no boots)
Stlth    ++........             (no amulet)
HPRegen  0.10/turn              g - ring of see invisible
MPRegen  0.11/turn              (no ring)

@: about to teleport
A: no food or potions, fire vulnerability, cold resistance 1, negative energy
resistance 3, torment resistance, unbreathing
a: no special abilities


You were on level 3 of the Dungeon.
You were not hungry.

You visited 1 branch of the dungeon, and saw 3 of its levels.

You collected 117 gold pieces.

Inventory:

Hand Weapons
 c - a +1 hand axe of venom (weapon)
Missiles
 i - 3 javelins (quivered)
Armour
 a - a +0 robe (worn)
Jewellery
 g - a ring of see invisible (left hand)
Scrolls
 e - 3 scrolls of remove curse
 f - a scroll of immolation {unknown}
 h - 2 scrolls of identify
 j - a scroll of magic mapping {unknown}
Books
 b - a book of Flames

   Spells                             Type                      Level
   a - Flame Tongue                   Conjuration/Fire             1
   b - Throw Flame                    Conjuration/Fire             2
   c - Conjure Flame                  Conjuration/Fire             3
   d - Inner Flame                    Hexes/Fire                   3
   e - Sticky Flame                   Conjuration/Fire             4
   f - Fireball                       Conjuration/Fire             5


   Skills:
 + Level 1.6 Dodging
 - Level 1.5 Stealth
 + Level 3.5 Spellcasting
 * Level 1.7 Conjurations
 + Level 3.3 Fire Magic


You had 7 spell levels left.
You knew the following spells:

 Your Spells              Type           Power        Failure   Level  Hunger
a - Flame Tongue          Conj/Fire      ##...        7%          1    N/A
b - Throw Flame           Conj/Fire      ##....       10%         2    N/A

Dungeon Overview and Level Annotations

Branches:
Dungeon (3/15)

Altars:


Innate Abilities, Weirdness & Mutations

You do not eat or drink.
Your flesh is vulnerable to fire.
You are immune to poison.
Your flesh is cold resistant. (rC+)
You are immune to negative energy. (rN+++)
You are immune to unholy pain and torment.
You can survive without breathing.


Message History

The hobgoblin closely misses you. The hobgoblin hits you with a club.
The goblin closely misses you.
Things that are here:
a club; a giant cockroach corpse; a goblin corpse You slash the hobgoblin!
You kill the hobgoblin!
You hit the goblin.
The goblin is poisoned.
The orc priest zaps a wand.
The bolt of acid hits you!
Ouch! That really hurt!
You are splashed with acid!
The acid burns!
* * * LOW HITPOINT WARNING * * *
It is a wand of acid (6).
The goblin barely misses you.
A jackal comes into view.
As you read the scroll labeled SORYZO LUUJE, it crumbles to dust.
You feel strangely unstable.
It was a scroll of teleportation.
The jackal barks!
The goblin barely misses you.
The orc priest invokes the aid of Beogh against you.
Beogh smites you!
You die...

# #.# #.h.
##....#####
......g@..###
.#####.)#†..##
# ##.###o.##
####o# #..
##.o# ....o.
##. ##.#
....o. .#
#.##...... .#
#.o.# ..
###.## #..####


You could see 2 orc priests, a jackal and a goblin.

Vanquished Creatures
  A gnoll (D:1)
  2 adders (D:2)
  A worm (D:2)
  2 leopard geckos
  An orc (D:3)
  5 bats
  2 giant cockroaches
  7 goblins
  6 hobgoblins
  4 jackals (D:1)
  A kobold (D:1)
  A quokka (D:2)
  2 frilled lizards
  6 rats
41 creatures vanquished.

Notes
Turn   | Place    | Note
-------+----------+-------------------------------------------
     0 | D:1      | Hekarica the Mummy Fire Elementalist began the quest for the Orb.
     0 | D:1      | Reached XP level 1. HP: 13/13 MP: 4/4
   199 | D:1      | Reached skill level 1 in Conjurations
   378 | D:1      | Reached XP level 2. HP: 19/19 MP: 5/5
   382 | D:1      | Learned a level 2 spell: Throw Flame
  1159 | D:1      | Reached XP level 3. HP: 9/24 MP: 4/7
  2549 | D:2      | Reached XP level 4. HP: 30/30 MP: 5/9
  2783 | D:3      | HP: 1/30 [acid (10)]
  2784 | D:3      | Killed from afar by an orc priest

Skill      XL: |  1  2 |
---------------+-------+-----
Conjurations   | 1 |  1.7
Spellcasting   | 3 |  3.5
Fire Magic     | 3 |  3.3
Dodging        | |  1.6
Stealth        | |  1.5

Action                   |  1- 3 |  4- 6 || total
-------------------------+-------+-------++-------
Melee: Hand axe          |    42 |     7 ||    49
       Unarmed           |     5 |       ||     5
 Cast: Flame Tongue      |     7 |       ||     7
       Throw Flame       |    38 |     4 ||    42
  Use: Scroll            |     2 |     1 ||     3
 Stab: Sleeping          |       |     1 ||     1
Armor: Robe              |     4 |     9 ||    13
Dodge: Dodged            |    34 |    19 ||    53
